 Dungeon Crawl Stone Soup version 0.18.1-50-g88ac8fd (webtiles) character file.

1331 Nordron the Magician (level 8, -2/41 HPs)
             Began as a Gargoyle Fire Elementalist on Sept 27, 2016.
             Was a Believer of Vehumet.
             Killed by an exploding fulminant prism (43 damage)
             ... created by Naarciss's ghost
             ... on level 6 of the Dungeon.
             The game lasted 00:24:26 (5251 turns).

Nordron the Magician (Gargoyle Fire Elementalist)   Turns: 5251, Time: 00:24:26

Health: -2/41      AC:  9    Str: 12    XL:     8   Next: 60%
Magic:  9/18       EV: 12    Int: 18    God:    Vehumet [**....]
Gold:   286        SH:  0    Dex: 10    Spells: 4 memorised, 8 levels left

rFire  . . .     SeeInvis .     y - +2 dagger (venom)
rCold  . . .     Gourm    .     a - +0 robe
rNeg   + . .     Faith    .     (no shield)
rPois  ∞         Spirit   .     v - +0 helmet
rElec  +         Dismiss  .     D - +0 cloak
rCorr  .         Reflect  .     (no gloves)
SustAt +         Harm     .     (no boots)
MR     .....                    (no amulet)
Stlth  ++........               i - ring of sustain attributes
                                h - ring of wizardry

@: not resistant to hostile enchantments, unstealthy
A: negative energy resistance 1, electricity resistance, unbreathing,
petrification resistance, rot immunity, AC +5
a: Renounce Religion


You were on level 6 of the Dungeon.
You worshipped Vehumet.
Vehumet was pleased with you.
You were not hungry.

You visited 2 branches of the dungeon, and saw 7 of its levels.

You collected 286 gold pieces.

Inventory:

Hand Weapons
 r - a +0 flail
 y - a +2 dagger of venom (weapon)
Armour
 a - a +0 robe (worn)
 v - a +0 helmet (worn)
 D - a +0 cloak (worn)
Jewellery
 h - a ring of wizardry (left hand)
 i - a ring of sustain attributes (right hand)
Scrolls
 d - 5 scrolls of identify
 j - 2 scrolls of recharging {unknown}
 o - 2 scrolls of teleportation {unknown}
 p - a scroll of fog {unknown}
 t - 2 scrolls of amnesia {unknown}
 w - a scroll of enchant weapon {unknown}
 z - a scroll of magic mapping
Potions
 e - 2 potions of degeneration {unknown}
 f - a potion of agility {unknown}
 g - 2 potions of haste {unknown}
 k - 2 potions of brilliance
 l - a potion of beneficial mutation {unknown}
 m - 2 potions of invisibility {unknown}
 n - 2 potions of curing {unknown}
 q - a potion of flight {unknown}
 A - a potion of might {unknown}
 B - 2 potions of cancellation {unknown}
 C - a potion of lignification {unknown}
Books
 b - a book of Flames

   Spells                             Type                      Level
   a - Flame Tongue                   Conjuration/Fire             1
   b - Throw Flame                    Conjuration/Fire             2
   c - Conjure Flame                  Conjuration/Fire             3
   d - Inner Flame                    Hexes/Fire                   3
   e - Sticky Flame                   Conjuration/Fire             4
   f - Fireball                       Conjuration/Fire             5
Comestibles
 c - 5 bread rations
 s - a slice of pizza
 x - 3 meat rations


   Skills:
 - Level 1.5 Dodging
 - Level 2.1 Stealth
 * Level 7.0 Spellcasting
 + Level 5.5 Conjurations
 + Level 5.8 Fire Magic


You had 8 spell levels left.
You knew the following spells:

 Your Spells              Type           Power        Failure   Level  Hunger
a - Flame Tongue          Conj/Fire      ####.        1%          1    None
b - Conjure Flame         Conj/Fire      ####....     1%          3    ##.....
c - Sticky Flame          Conj/Fire      ####....     6%          4    ####...
d - Fireball              Conj/Fire      ####......   14%         5    #####..


Dungeon Overview and Level Annotations

Branches:
Dungeon (6/15)             Temple (1/1) D:4

Altars:
Ashenzari
Cheibriados
Dithmenos
Elyvilon
Fedhas
Kikubaaqudgha
Nemelex Xobeh
Pakellas
Qazlal
Sif Muna
Trog
Vehumet

Annotations:
D:6 Naarciss's ghost, novice DECj


Innate Abilities, Weirdness & Mutations

You are resistant to torment.
Your stone body is resilient (AC +5).
You are immune to poison.
You resist negative energy.
You are resistant to electric shocks.
You can survive without breathing.
You are immune to petrification.
You are immune to rotting.


Message History

Aim: a shadow imp (almost dead) Out of range.
Out of range.
Okay, then.
Casting: Flame Tongue
Confirm with . or Enter, or press ? or * to list all spells.
Aiming: Flame Tongue
Press: ? - help, Shift-Dir - straight line, f - Naarciss's ghost
Aim: Naarciss's ghost (lightly damaged)
The flame tongue misses Naarciss's ghost.
Naarciss's ghost shouts, "To die, to sleep, no more."
Naarciss's ghost points next to you and mumbles some strange words.
Naarciss's ghost conjures a prism of explosive energy!
A fulminant prism comes into view.
The fulminant prism crackles loudly.
You hear an explosion!
Your Spellcasting skill increases to level 7!
You feel a bit more experienced. The blast of energy engulfs you!
Ouch! That really hurt!
You die...

##########.
#..@.......
###.#######..
#..*..#
#..W..#
#..5..#
#.....#
#..)..#
###.### #.#


There were no monsters in sight!

Vanquished Creatures
  Sigmund (D:3)
  2 ice beasts
  A centaur (D:3)
  2 ogres
  A necrophage (D:5)
  A scorpion (D:4)
  A howler monkey (D:4)
  A giant frog skeleton (D:4)
  3 orc priests
  Jessica (D:3)
  3 orc wizards
  3 worker ants (D:4)
  11 gnolls
  3 adders
  2 worms (D:2)
  4 dart slugs
  5 giant geckos
  25 orcs
  2 ball pythons
  8 bats
  2 giant cockroaches
  10 goblins
  11 hobgoblins
  4 jackals (D:5)
  3 quokkas
  2 giant newts (D:1)
  A jackal skeleton (D:4)
  2 jackal zombies (D:5)
  7 kobolds
  7 rats
129 creatures vanquished.

Vanquished Creatures (others)
  An orc wizard (D:6)
  A shadow imp (D:6)
  An orc (D:3)
3 creatures vanquished.

Grand Total: 132 creatures vanquished

Notes
Turn   | Place    | Note
--------------------------------------------------------------
     0 | D:1      | Nordron the Gargoyle Fire Elementalist began the quest for the Orb.
     0 | D:1      | Reached XP level 1. HP: 10/10 MP: 3/3
   186 | D:1      | Reached XP level 2. HP: 15/15 MP: 0/5
   699 | D:1      | Reached XP level 3. HP: 19/19 MP: 4/7
  1050 | D:2      | Reached skill level 3 in Spellcasting
  1143 | D:2      | Reached XP level 4. HP: 21/24 MP: 2/8
  1278 | D:2      | Learned a level 3 spell: Conjure Flame
  1283 | D:2      | Learned a level 4 spell: Sticky Flame
  1771 | D:2      | Reached XP level 5. HP: 23/28 MP: 3/10
  1880 | D:2      | Found a radiant altar of Vehumet.
  1885 | D:2      | Became a worshipper of Vehumet
  1905 | D:2      | Found a bloodstained altar of Trog.
  2032 | D:2      | Reached skill level 4 in Spellcasting
  2615 | D:3      | Reached * piety under Vehumet
  2615 | D:3      | Offered knowledge of Magic Dart by Vehumet.
  2623 | D:3      | Noticed a centaur
  2765 | D:3      | Found a shattered altar of Ashenzari.
  2825 | D:3      | Killed a centaur
  2825 | D:3      | Reached XP level 6. HP: 15/32 MP: 5/12
  2960 | D:3      | Noticed Sigmund
  2981 | D:3      | Killed Sigmund
  2981 | D:3      | Reached skill level 5 in Spellcasting
  3144 | D:3      | Reached XP level 7. HP: 28/36 MP: 11/14
  3232 | D:3      | Noticed Jessica
  3236 | D:3      | Killed Jessica
  3593 | D:3      | Learned a level 5 spell: Fireball
  3702 | D:4      | Found a sparkling altar of Nemelex Xobeh.
  3829 | D:4      | Reached skill level 5 in Fire Magic
  3949 | D:4      | Found a snail-covered altar of Cheibriados.
  4176 | D:4      | Found a staircase to the Ecumenical Temple.
  4185 | Temple   | Entered the Ecumenical Temple
  4325 | D:4      | Reached skill level 6 in Spellcasting
  4327 | D:4      | Reached XP level 8. HP: 23/41 MP: 6/17
  4644 | D:5      | Entered Level 5 of the Dungeon
  4656 | D:5      | Reached skill level 5 in Conjurations
  4683 | D:5      | Reached ** piety under Vehumet
  4683 | D:5      | Offered knowledge of Freeze by Vehumet.
  4685 | D:5      | Found a shattered altar of Ashenzari.
  5034 | D:5      | Found an ancient bone altar of Kikubaaqudgha.
  5243 | D:6      | Noticed Naarciss's ghost (novice DECj)
  5251 | D:6      | Reached skill level 7 in Spellcasting
  5251 | D:6      | Killed by an exploding fulminant prism

Skill      XL: |  1  2  3  4  5  6  7  8 |
---------------+-------------------------+-----
Spellcasting   | 3 4 5 6 7 |  7.0
Conjurations   | 2 3 4 5 |  5.5
Fire Magic     | 4 5 |  5.8
Dodging        | |  1.5
Stealth        | |  2.1

Action                   |  1- 3 |  4- 6 |  7- 9 || total
-------------------------+-------+-------+-------++-------
Melee: Unarmed           |    10 |       |       ||    10
       Dagger            |    17 |    16 |    10 ||    43
       Flail             |       |     5 |     5 ||    10
 Cast: Flame Tongue      |    54 |   102 |    92 ||   248
       Conjure Flame     |       |     2 |       ||     2
       Sticky Flame      |       |     3 |    10 ||    13
       Fireball          |       |       |     2 ||     2
  Use: Scroll            |       |     4 |       ||     4
  Eat: Chunk             |     1 |     7 |     8 ||    16
Armor: Robe              |    23 |    24 |    12 ||    59
Dodge: Dodged            |    32 |    56 |    32 ||   120
